 Dungeon Crawl Stone Soup version 0.26-a0-1049-g242049e08c (webtiles) character file.

Game seed: 15489474314721868644

214 Dyku the Digger (level 5, 0/28 HPs)
             Began as a Gargoyle Earth Elementalist on Dec 12, 2020.
             Was a Follower of Vehumet.
             Slain by an ogre
             ... wielding a cursed -1 giant club
              (10 damage)
             ... on level 4 of the Dungeon.
             The game lasted 00:09:23 (3730 turns).

Dyku the Digger (Gargoyle Earth Elementalist)       Turns: 3730, Time: 00:09:24

Health: 0/28       AC:  9    Str: 10    XL:     5   Next: 92%
Magic:  10/10      EV: 12    Int: 16    God:    Vehumet [*.....]
Gold:   278        SH:  0    Dex: 10    Spells: 7/11 levels left

rFire    . . .     SeeInvis .   f - +1 club
rCold    . . .     Faith    .   (no shield)
rNeg     + . .     Spirit   .   c - +0 robe
rPois    ∞         Reflect  .   (no helmet)
rElec    +         Harm     .   (no cloak)
rCorr    .         Rampage  .   o - +0 pair of gloves
Will     .....                  a - +1 pair of boots
Stlth    ++........             (no amulet)
HPRegen  0.09/turn              (no ring)
MPRegen  0.12/turn              (no ring)

@: no status effects
A: negative energy resistance 1, electricity resistance, weak 1, unbreathing,
petrification resistance, rot immunity, MP-powered wands, AC +4
a: Renounce Religion


You were on level 4 of the Dungeon.
You worshipped Vehumet.
Vehumet was aware of your devotion.
You visited 1 branch of the dungeon, and saw 5 of its levels.

You collected 278 gold pieces.

Inventory:

Hand Weapons
 f - a +1 club (weapon)
Missiles
 b - 125 stones (quivered)
Armour
 a - a +1 pair of boots (worn)
 c - a +0 robe (worn)
 o - a +0 pair of gloves (worn)
Scrolls
 d - 4 scrolls of teleportation
 e - 2 scrolls of amnesia
 h - a scroll of remove curse
 l - a scroll of enchant weapon
 m - a scroll of enchant armour
Potions
 g - a potion of curing
 i - 2 potions of berserk rage
 j - a potion of ambrosia
 k - a potion of heal wounds {unknown}
 n - a potion of magic {unknown}


   Skills:
 - Level 1.5 Dodging
 - Level 2.1 Stealth
 + Level 3.7 Spellcasting
 + Level 2.7 Conjurations
 - Level 0.7 Transmutations
 + Level 5.4 Earth Magic


You had 7 spell levels left.
You knew the following spells:

 Your Spells              Type           Power        Failure   Level
a - Sandblast             Erth           ###...       1%          1
b - Stone Arrow           Conj/Erth      ###...       10%         3

Your spell library contained the following spells:

 Spells                   Type           Power        Failure   Level
 Shock                    Conj/Air       #...         10%         1
 Passwall                 Tmut/Erth      ##......     8%          2
 Petrify                  Tmut/Erth      ##......     43%         4
 Lee's Rapid Deconstruct  Erth           ###.......   45%         5


Dungeon Overview and Level Annotations

Branches:
Dungeon (5/15)
 Temple: D:4-7

Altars:
Cheibriados
Dithmenos
Gozag
Hepliaklqana
Nemelex Xobeh
Sif Muna
Vehumet
Xom
Yredelemnul
Zin

Annotations:
D:4 Robin


Innate Abilities, Weirdness & Mutations

You are resistant to torment.
Your stone body is resilient. (AC +4)
You are immune to poison.
You resist negative energy. (rN+)
You are resistant to electric shocks. (rElec)
You can survive without breathing.
You are immune to petrification.
You are immune to rotting.
You are weak. (Str -2)
You expend magic power (3 MP) to strengthen your wands.


Message History

Unknown command.
You start resting.
Magic restored.
You start resting.
HP restored.
There is a stone staircase leading up here.
Unknown command.
Unknown command.
You climb upwards.
Level annotation: Robin The giant cockroach barely misses you.
The ogre hits you with a cursed -1 giant club!
Ouch! That really hurt!
Robin roars a battlecry!
The goblins go into a battle-frenzy!
The goblin barely misses you. The goblin hits you with a +0 dagger.
The giant cockroach bites you but does no damage.
Robin throws the goblin at you! The goblin closely misses you.
The ogre hits you with a cursed -1 giant club!
You die...

#.. ..# ...####...
..# .......Z.. ..#
.........##..#
.......>.....#
......g......#
............#
...........Bgg(..#
.<.........g@O.###
.... ###########
##... ##... (..# #
#..# ###.# ....#
....#


You could see an ogre, Robin, a giant cockroach, 3 goblins and a hound skeleton.

Vanquished Creatures
  A water moccasin skeleton (D:4)
  A worker ant (D:4)
  7 adders
  A worm (D:2)
  2 dart slugs (D:1)
  2 leopard geckos (D:1)
  3 orcs (D:3)
  6 bats
  4 giant cockroaches
  7 hobgoblins
  3 quokkas
  5 frilled lizards
  15 goblins
  7 kobolds
  5 rats
69 creatures vanquished.

Notes
Turn   | Place    | Note
-------+----------+-------------------------------------------
     0 | D:1      | Dyku the Gargoyle Earth Elementalist began the quest for
                  | the Orb.
     0 | D:1      | Reached XP level 1. HP: 10/10 MP: 3/3
   359 | D:1      | Reached XP level 2. HP: 15/15 MP: 1/5
   446 | D:1      | You fall into a shaft and drop 1 floor!
   450 | D:2      | Reached skill level 4 in Earth Magic
   672 | D:1      | Reached XP level 3. HP: 16/19 MP: 6/6
   676 | D:1      | Learned a level 3 spell: Stone Arrow
  1337 | D:2      | Found a sparkling altar of Nemelex Xobeh.
  1763 | D:3      | Reached skill level 1 in Conjurations
  2054 | D:3      | Reached XP level 4. HP: 24/24 MP: 8/8
  2465 | D:2      | Found a hazy altar of Hepliaklqana.
  2467 | D:2      | Gained mutation: You are weak. (Str -2) [potion of
                  | mutation]
  2467 | D:2      | Gained mutation: You tend to lose your temper in combat.
                  | [potion of mutation]
  2467 | D:2      | Gained mutation: You expend magic power (3 MP) to
                  | strengthen your wands. [potion of mutation]
  2467 | D:2      | Lost mutation: You tend to lose your temper in combat.
                  | [potion of mutation]
  2468 | D:2      | Found a shadowy altar of Dithmenos.
  2469 | D:2      | Found a shimmering blue altar of Sif Muna.
  2469 | D:2      | Found a radiant altar of Vehumet.
  2469 | D:2      | Found an opulent altar of Gozag.
  2471 | D:2      | Found a shimmering altar of Xom.
  2471 | D:2      | You fall into a shaft and drop 1 floor!
  2624 | D:2      | Found a snail-covered altar of Cheibriados.
  2633 | D:2      | Became a worshipper of Vehumet
  3160 | D:3      | Found a glowing silver altar of Zin.
  3260 | D:4      | Reached skill level 5 in Earth Magic
  3260 | D:4      | Reached XP level 5. HP: 28/28 MP: 4/9
  3308 | D:4      | Found a basalt altar of Yredelemnul.
  3392 | D:4      | Reached * piety under Vehumet
  3392 | D:4      | Offered knowledge of Shock by Vehumet.
  3597 | D:4      | Noticed an ogre
  3597 | D:4      | Noticed Robin
  3601 | D:5      | Entered Level 5 of the Dungeon
  3730 | D:4      | Slain by an ogre

Illustrated notes

Levels and vault maps discovered:
D:1:      nzn_arrival_settlement, layout_rooms, minmay_misc_feat_alley,
          hangedman_abyss_or_decor_lesser_grid, chequers_arboretum
D:2:      kb_forest_paths, layout_rooms, grunt_temple_overflow_open,
          marbit_many_paths
D:3:      layout_loops_ring, zin_academy
D:4:      layout_layer_cave, yredelemnul_altar_generic, uniq_blork_the_orc,
          uniq_robin
D:5:      layout_loops_cross, serial_shops, shop

Skill      XL: |  1  2  3  4 |
---------------+-------------+-----
Earth Magic    | 4 5 |  5.4
Conjurations   | 1 2 |  2.7
Spellcasting   | 3 |  3.7
Dodging        | |  1.5
Stealth        | |  2.1
Transmutations | |  0.7

Action                   |  1- 3 |  4- 6 || total
-------------------------+-------+-------++-------
Melee: Unarmed           |     9 |       ||     9
       Club              |    84 |    72 ||   156
 Cast: Sandblast         |    23 |    36 ||    59
  Use: Scroll            |     8 |     3 ||    11
       Potion            |       |     1 ||     1
 Stab: Sleeping          |     2 |     1 ||     3
Armor: Robe              |    42 |    50 ||    92
Dodge: Dodged            |    74 |    59 ||   133

Table legend: (Time is in decaauts)
 A = Elapsed time spent in this place.
 B = Non-inter-level travel time spent in this place.
 C = Inter-level travel time spent in this place.
 D = Time resting spent in this place.
 E = Time spent auto-exploring this place.
 F = Levels seen in this place.
 G = Mean time per level.
                   A        B        C        D        E       F      G
               +--------+--------+--------+--------+--------+-----+--------+
         Total |   3782 |   3317 |    465 |    526 |   2124 |   5 |  756.4 |
       Dungeon |   3782 |   3317 |    465 |    526 |   2124 |   5 |  756.4 |
               +--------+--------+--------+--------+--------+-----+--------+

Top non-repeatable levels by time:
     D:1: 1422 daAuts
     D:3: 1046 daAuts
     D:2: 831 daAuts
     D:4: 353 daAuts
     D:5: 128 daAuts
